 Dungeon Crawl Stone Soup version 0.32-a0-938-g40ac7a0 (webtiles) character file.

Game seed: 15547221158965503614

260691 seeu12 the Metallomancer (level 19, -3/116 HPs)
             Began as a Gargoyle Earth Elementalist on Apr 21, 2024.
             Was the Champion of Vehumet.
             Slain by a caustic shrike zombie (13 damage)
             ... led by a necromancer
             ... on level 1 of the Depths.
             The game lasted 01:11:03 (46357 turns).

seeu12 the Metallomancer (GrEE)                    Turns: 46357, Time: 01:11:04

Health: -3/116     AC: 30    Str: 13    XL:     19   Next: 94%
Magic:  25/49      EV: 16    Int: 34    God:    Vehumet [******]
Gold:   1915       SH:  0    Dex: 15    Spells: 17/50 levels left

rFire   . . .        L - +8 flail "Canafiob" {venom, rN+ rCorr}
rCold   . . .        (no shield)
rNeg    + + .        J - +4 leather armour of Cheibriados's Approval {Will++ rCorr Dex+2}
rPois   ∞            T - +3 hat of Pondering {ponderous, Will+ MP+10 Int+5}
rElec   +            l - +1 cloak
rCorr   +            U - +0 pair of gloves {Dex+3}
SInv    +            R - +1 pair of boots
Will    ++++.        N - amulet of regeneration
Stlth   ++++         f - +6 ring of intelligence
HPRegen 1.19/turn    K - ring of see invisible
MPRegen 0.31/turn

%: no passive effects
@: flying, studying 2 skills, slow
A: sickness immunity, AC +14, big wings, negative energy resistance 1,
electricity resistance, torment resistance 1, petrification resistance
}: 2/15 runes: serpentine, barnacled
a: Renounce Religion


You were on level 1 of the Depths.
You worshipped Vehumet.
Vehumet was exalted by your worship.
You visited 8 branches of the dungeon, and saw 33 of its levels.
You also visited: Sewer and Ossuary.

You collected 3104 gold pieces.
You spent 1189 gold pieces at shops.

Inventory:

Hand Weapons
 L - the +8 flail "Canafiob" (weapon) {venom, rN+ rCorr}
   (You found it on level 1 of the Lair of Beasts)

   rN+:       It protects you from negative energy.
   rCorr:     It protects you from acid and corrosion.
Missiles
 G - a curare-tipped dart
Armour
 l - a +1 cloak (worn)
 J - the +4 leather armour of Cheibriados's Approval (worn) {Will++ rCorr Dex+2}
   (You bought it in a shop on level 2 of the Orcish Mines)

   Dex+2:     It affects your dexterity (+2).
   Will++:    It greatly increases your willpower.
   rCorr:     It protects you from acid and corrosion.
 P - a +2 robe of fire resistance
 R - a +1 pair of boots (worn)
 T - the +3 hat of Pondering (worn) {ponderous, Will+ MP+10 Int+5}
   (You took it off Gastronok on level 1 of the Orcish Mines)

   Int+5:     It affects your intelligence (+5).
   Will+:     It increases your willpower.
   MP+10:     It affects your magic capacity (+10).
 U - a +0 pair of gloves of dexterity (worn)
 W - a +2 tower shield of protection
Jewellery
 f - a +6 ring of intelligence (left hand)
 K - a ring of see invisible (right hand)
 N - an amulet of regeneration (around neck)
 Q - a ring of ice
 Y - a +6 ring of dexterity
 Z - a ring of fire
Wands
 a - a wand of mindburst (30)
 o - a wand of roots (9)
 v - a wand of quicksilver (27)
 A - a wand of flame (57)
 C - a wand of charming (47)
 E - a wand of digging (15)
Scrolls
 c - 3 scrolls of blinking
 d - a scroll of summoning
 e - 9 scrolls of teleportation
 g - 10 scrolls of immolation
 i - 3 scrolls of torment
 j - 3 scrolls of fear
 n - 13 scrolls of poison
 p - 4 scrolls of fog
 r - 7 scrolls of noise
 u - a scroll of silence
 w - 3 scrolls of revelation
 y - 3 scrolls of amnesia
 I - 6 scrolls of enchant armour
 M - 2 scrolls of vulnerability
 O - a scroll of enchant weapon
 S - 4 scrolls of identify
Potions
 b - 4 potions of magic
 h - 3 potions of berserk rage
 k - 14 potions of curing
 m - 7 potions of heal wounds
 q - 4 potions of invisibility
 s - 3 potions of brilliance
 t - 3 potions of cancellation
 x - 3 potions of haste
 z - 16 potions of ambrosia
 B - 3 potions of enlightenment
 D - 6 potions of might
 F - 6 potions of lignification
 H - 4 potions of mutation
 V - 2 potions of attraction
 X - 3 potions of resistance


   Skills:
 - Level 12.0 Fighting
 - Level 5.0 Armour
 - Level 12.0 Dodging
 - Level 8.0 Stealth
 - Level 9.0 Shields
 - Level 16.2 Spellcasting
 + Level 14.8 Conjurations
 + Level 5.5 Fire Magic
 - Level 12.0 Ice Magic
 - Level 22.0 Earth Magic
 - Level 4.0 Alchemy


You had 17 spell levels left.
You knew the following spells:

 Your Spells              Type           Power      Damage    Failure   Level
a - Sandblast             Erth           100%       2d20      0%          1
b - Stone Arrow           Conj/Erth      100%       3d13      0%          3
c - Petrify               Alch/Erth      86%        N/A       1%          4
d - Permafrost Eruption   Ice/Erth       48%        2x4d11    1%          6
e - Mephitic Cloud        Conj/Alch/Air  63%        N/A       1%          3
f - Ozocubu's Refrigerat  Ice            41%        4d16      3%          7
g - Bombard               Conj/Erth      50%        9d8       1%          6
i - Frozen Ramparts       Ice            100%       1d16      1%          3

Your spell library contained the following spells:

 Spells                   Type           Power      Damage    Failure   Level
 Lehudib's Crystal Spear  Conj/Erth      50%        10d12     1%          8
 Fire Storm               Conj/Fire      38%        8d10      99%         9
 Chain Lightning          Conj/Air       33%        3d44      100%        9
 Passwall                 Erth           100%       N/A       0%          3
 Brom's Barrelling Bould  Conj/Erth      100%       2d11      0%          4
 Lee's Rapid Deconstruct  Erth           54%        3d25*     0%          5
 Sting                    Conj/Alch      100%       1d9       1%          1
 Summon Small Mammal      Summ           100%       N/A       1%          1
 Ensorcelled Hibernation  Hex/Ice        100%       N/A       1%          2
 Mercury Vapours          Alch/Air       82%        N/A       1%          2
 Ozocubu's Armour         Ice            83%        N/A       1%          3
 Volatile Blastmotes      Fire/Tloc      92%        2d17      1%          3
 Fulminant Prism          Conj/Alch      37%        3d18      1%          4
 Ignite Poison            Fire/Alch      56%        N/A       1%          4
 Iskenderun's Mystic Bla  Conj/Tloc      67%        2d14      (+2d71%     4
 Olgreb's Toxic Radiance  Alch           53%        N/A       1%          4
 Sticky Flame             Fire/Alch      56%        2d10      1%          4
 Arcjolt                  Conj/Air       33%        1d43      1%          5
 Borgnjor's Vile Clutch   Necr/Erth      40%        N/A       1%          5
 Fireball                 Conj/Fire      38%        3d16      1%          5
 Freezing Cloud           Conj/Ice/Air   36%        6-21      1%          5
 Iskenderun's Battlesphe  Conj           91%        2d14      1%          5
 Orb of Destruction       Conj           45%        9d12      1%          7
 Call Imp                 Summ           54%        N/A       2%          2
 Conjure Ball Lightning   Conj/Air       33%        3x3d11    3%          6
 Call Canine Familiar     Summ           27%        N/A       5%          3
 Fugue of the Fallen      Necr           27%        N/A       5%          3
 Maxwell's Portable Pile  Tloc           27%        2d(7-21)  5%          3
 Sigil of Binding         Hex            27%        N/A       5%          3
 Summon Blazeheart Golem  Fire/Summ      46%        N/A       5%          4
 Sculpt Simulacrum        Ice/Alch       34%        N/A       10%         6
 Anguish                  Hex/Necr       13%        N/A       17%         4
 Animate Dead             Necr           27%        N/A       17%         4
 Dimensional Bullseye     Hex/Tloc       13%        N/A       17%         4
 Ignition                 Fire           30%        3d10      94%         8
 Death Channel            Necr           13%        N/A       95%         6
 Dispersal                Tloc           13%        N/A       95%         6
 Gell's Gavotte           Tloc           13%        2d(17-25) 95%         6
 Manifold Assault         Tloc           13%        N/A       100%        7
 Summon Hydra             Summ           13%        N/A       100%        7
 Disjunction              Tloc           13%        N/A       100%        8
 Maxwell's Capacitive Co  Air            13%        ∞         100%        8
 Sublimation of Blood     Necr           Unusable   N/A       N/A         2

Dungeon Overview and Level Annotations

Branches:
Dungeon (15/15)            Temple (1/1) D:6            Lair (5/5) D:11
 Shoals (4/4) Lair:2        Snake (4/4) Lair:2        Slime (0/5) Lair:5
    Orc (2/2) D:12            Elf (1/3) Orc:2        Vaults (0/5) D:14
 Depths (1/4) D:15          Sewer (visited)         Ossuary (visited)

Altars:
Ashenzari
Cheibriados
Dithmenos
Elyvilon
Fedhas
Gozag
Hepliaklqana
Kikubaaqudgha
Makhleb
Nemelex Xobeh
Okawaru
Qazlal
Ru
Sif Muna
Trog
Uskayaw
Vehumet
Wu Jian
Xom
Yredelemnul
Zin
The Shining One
Beogh
Lugonu

Shops:
D:10 **(?(   Orc:2 *((=[   Elf:1 [   Shoals:3 (   Snake:3 **

Portals:
Hell: Lair:5


Innate Abilities, Weirdness & Mutations

You are immune to sickness and miasma.
Your stone body is resilient. (AC +14)
You are immune to poison.
Your large and strong wings let you fly.
You resist negative energy. (rN+)
You are resistant to electric shocks. (rElec)
You are resistant to unholy torment.
You are immune to petrification.


Message History

The storm dragon zombie is heavily damaged.
The titan zombie resists.
The titan zombie is almost destroyed.
The spriggan defender zombie hits you. The caustic shrike zombie claws you!
The storm dragon zombie bites you but does no damage.
The storm dragon zombie claws you but does no damage.
The storm dragon zombie tramples you but does no damage.
The titan zombie hits you!
* * * LOW HITPOINT WARNING * * *
Casting: Ozocubu's Refrigeration (dangerous; 3% risk of failure)
Confirm with . or Enter, or press ? or * to list all spells.
The heat is drained from your surroundings.
The spriggan defender zombie resists.
The spriggan defender zombie is severely damaged.
The caustic shrike zombie resists.
The caustic shrike zombie is heavily damaged.
The storm dragon zombie resists.
The storm dragon zombie is heavily damaged.
The titan zombie resists.
The titan zombie is almost destroyed.
The caustic shrike zombie completely misses you.
The spriggan defender zombie hits you but does no damage.
The storm dragon zombie closely misses you.
The storm dragon zombie misses you.
The storm dragon zombie tramples you but does no damage.
The caustic shrike zombie claws you!
* * * LOW HITPOINT WARNING * * *
The spriggan defender zombie hits you but does no damage.
Okay, then.
Okay, then.
Unknown command.
The caustic shrike zombie claws you but does no damage.
The storm dragon zombie bites you but does no damage.
The storm dragon zombie claws you but does no damage.
The storm dragon zombie barely misses you.
The spriggan defender zombie hits you but does no damage.
The titan zombie hits you.
* * * LOW HITPOINT WARNING * * *
The caustic shrike zombie claws you!
You die... ... #'# .... ##.. ## ....# ##... .## . ~....# 2ZZ

..# ..
..[...####+####...
................
..).......!~÷...
..[.).Z@Z...#
......Z.Z..##
........#..#
~..$..(#####
....~~( .#..~~.
##.≈†. #.... ...


You could see a spectral spark wasp, a quicksilver dragon simulacrum, a storm
dragon zombie, a spriggan defender zombie, a titan zombie and a caustic shrike
zombie.

Vanquished Creatures
  Mara (Shoals:4)
  Nikola (Shoals:4)
  Jorgrun (D:12)
  Polyphemus (Shoals:3)
  A kraken (Shoals:2)
  Gastronok (Orc:1)
  Aizul (Shoals:3)
  Ilsuiw (Shoals:3)
  2 fire giants
  6 nagarajas
  A frost giant (Shoals:4)
  A deep elf sorcerer (Elf:1)
  Louise (D:15)
  3 stone giants
  A vampire knight (Depths:1)
  The ghost of Tucluoh the Eclecticist, a journeyman DECj of Sif Muna (D:15)
  Azrael (Elf:1)
  The ghost of Kidghast the Eclecticist, a journeyman DjFE of Jiyva (D:13)
  3 ettins
  A dire elephant (Lair:5)
  9 merfolk javelineers
  8 merfolk impalers
  2 fire dragons
  A deep elf high priest (Elf:1)
  An ice dragon (D:15)
  An ogre mage (D:14)
  A rakshasa (Depths:1)
  4 salamander tyrants
  16 anacondas
  5 hydras
  4 merfolk avatars
  7 centaur warriors
  2 catoblepae
  7 merfolk aquamancers
  4 dancing weapons (Elf:1)
  4 two-headed ogres
  4 boulder beetles
  2 tengu warriors
  An alligator snapping turtle (Shoals:4)
  A satyr (Shoals:2)
  3 demonic crawlers (D:14)
  7 death yaks
  12 shock serpents
  7 naga sharpshooters
  15 naga warriors
  3 orc high priests (Orc:2)
  2 skysharks (Lair:5)
  A sun demon (Lair:5)
  An occultist (Lair:5)
  5 deep elf knights (Elf:1)
  9 skeletal warriors
  4 salamander mystics (Snake:4)
  3 deep elf archers (Elf:1)
  8 sea snakes
  A deep troll (shapeshifter) (D:15)
  17 deep elf pyromancers
  14 mana vipers
  6 naga ritualists
  A kraken simulacrum (Shoals:4)
  A thermic dynamo (Elf:1)
  6 lindwurms
  23 harpies
  3 orc knights (Orc:1)
  An obsidian bat (Orc:2)
  A necromancer (Depths:1)
  12 deep elf zephyrmancers (Elf:1)
  3 cyclopes
  16 fauns
  4 ugly things
  16 salamanders
  5 orc sorcerers
  20 manticores
  19 merfolk sirens
  3 elephants
  15 naga magi
  27 black mambas
  9 guardian serpents
  A smoke demon (Lair:5)
  9 water nymphs
  A gargoyle (D:13)
  2 kobold blastminers (Orc:2)
  An orange demon (Lair:5)
  23 cane toads
  An unseen horror (D:11)
  6 komodo dragons
  2 efreet (D:14)
  A kobold demonologist (D:10)
  6 rime drakes
  2 freezing wraiths
  2 ice devils (Lair:5)
  2 tengu conjurers
  3 red devils (Lair:5)
  25 merfolk
  7 wind drakes
  A hornet (D:8)
  A queen bee (Lair:2)
  9 trolls
  A tarantella (shapeshifter) (D:14)
  25 blink frogs
  A polar bear (Lair:2)
  6 snapping turtles
  4 dream sheep (Lair:5)
  10 slime creatures
  2 wraiths
  47 yaks
  A fire bat (D:5)
  17 water elementals
  A wyvern (Lair:5)
  4 wargs
  2 fire elementals (Elf:1)
  3 vampire mosquitoes (D:14)
  6 basilisks
  Grum (D:8)
  25 nagas
  An acid dragon (D:13)
  21 water moccasins
  6 hell hounds
  32 orc warriors
  2 sky beasts (D:7)
  5 black bears
  A glowing shapeshifter skeleton (Depths:1)
  2 laughing skulls (D:15)
  7 ogres
  A crocodile (Sewer)
  29 wolves
  15 centaurs
  2 phantoms
  4 kobold brigands
  A gnoll sergeant (D:10)
  11 bullfrogs
  A brain worm (Sewer)
  3 earth elementals (Elf:1)
  8 scorpions
  3 wights (D:8)
  37 killer bees
  3 howler monkeys
  4 bombardier beetles
  5 jellies
  2 centaur zombies (Ossuary)
  4 human zombies (Ossuary)
  26 orc priests
  A gnoll bouda (D:6)
  6 hounds
  3 iguanas
  2 scorpion zombies (Ossuary)
  Terence (D:3)
  51 orc wizards
  2 sleepcaps
  Ijyb (D:3)
  A statue (D:7)
  3 mummies (Ossuary)
  23 gnolls
  5 adders
  4 river rats (D:4)
  3 shadow imps
  A white imp (D:7)
  2 ufetubi (D:6)
  An adder zombie (Ossuary)
  2 dart slugs (D:1)
  3 ribbon worms (D:4)
  93 orcs
  7 ball pythons
  10 bats
  4 endoplasms
  2 giant cockroaches (D:2)
  A gnoll zombie (Ossuary)
  9 hobgoblins
  5 quokkas
  4 ball python zombies (Ossuary)
  2 frilled lizards (D:1)
  10 goblins
  43 kobolds
  3 orc zombies (Ossuary)
  3 rats
  3 tentacles (Shoals:2)
1228 creatures vanquished.

Vanquished Creatures (collateral kills)
  A dancing weapon (Elf:1)
1 creature vanquished.

Vanquished Creatures (others)
  An orc (Orc:2)
  5 tentacles (Shoals:2)
6 creatures vanquished.

Grand Total: 1235 creatures vanquished

Notes
Turn   | Place    | Note
-------+----------+-------------------------------------------
     0 | D:1      | seeu12 the Gargoyle Earth Elementalist began the quest for
                  | the Orb.
     0 | D:1      | Reached XP level 1. HP: 10/10 MP: 3/3
   179 | D:1      | Found a faded altar of an unknown god.
   187 | D:1      | Reached XP level 2. HP: 15/15 MP: 3/5
   478 | D:1      | Reached skill level 4 in Earth Magic
   481 | D:1      | Reached XP level 3. HP: 19/19 MP: 2/6
  1830 | D:3      | Reached XP level 4. HP: 24/24 MP: 6/8
  1894 | D:3      | Noticed Ijyb
  1902 | D:3      | Killed Ijyb
  2208 | D:3      | Learned a level 3 spell: Stone Arrow
  2249 | D:3      | Reached XP level 5. HP: 28/28 MP: 4/9
  2637 | D:3      | Noticed Terence
  2639 | D:3      | Noticed a kobold brigand
  2859 | D:3      | Reached skill level 5 in Earth Magic
  2886 | D:3      | Reached XP level 6. HP: 8/32 MP: 0/11
  3441 | D:3      | Killed Terence
  3735 | D:3      | Reached skill level 6 in Earth Magic
  3735 | D:3      | Reached XP level 7. HP: 33/36 MP: 8/13
  4379 | D:4      | Reached skill level 5 in Conjurations
  4631 | D:4      | Found a glowing drain.
  4641 | Sewer    | Entered a sewer
  4749 | Sewer    | Reached skill level 5 in Spellcasting
  4749 | Sewer    | Reached skill level 7 in Earth Magic
  4749 | Sewer    | Reached XP level 8. HP: 41/41 MP: 8/15
  4963 | D:4      | Found a sparkling altar of Nemelex Xobeh.
  5023 | D:4      | Found a glowing silver altar of Zin.
  5023 | D:4      | Found a shadowy altar of Dithmenos.
  5057 | D:5      | Entered Level 5 of the Dungeon
  5057 | D:5      | Found a basalt altar of Yredelemnul.
  5475 | D:5      | Found a glowing golden altar of the Shining One.
  5639 | D:5      | Found a shimmering altar of Xom.
  6048 | D:5      | Reached skill level 8 in Earth Magic
  6477 | D:6      | Found a sand-covered staircase.
  6530 | D:6      | Found a staircase to the Ecumenical Temple.
  6544 | Temple   | Entered the Ecumenical Temple
  6615 | Ossuary  | Entered an ossuary
  6784 | Ossuary  | Reached XP level 9. HP: 37/45 MP: 12/18
  7109 | Ossuary  | Reached skill level 9 in Earth Magic
  7425 | D:6      | Found a blossoming altar of Fedhas.
  7724 | D:6      | Learned a level 4 spell: Petrify
  7879 | D:7      | Reached skill level 1 in Alchemy
  8081 | D:7      | Reached XP level 10. HP: 43/50 MP: 14/21
  8321 | D:7      | Found an iron altar of Okawaru.
  8472 | D:7      | Reached skill level 5 in Dodging
  8616 | D:7      | Found a radiant altar of Vehumet.
  8623 | D:7      | Became a worshipper of Vehumet
  9115 | D:8      | Found a bloodstained altar of Trog.
  9154 | D:8      | Found a burning altar of Makhleb.
  9163 | D:8      | Reached skill level 1 in Fighting
  9550 | D:8      | Noticed Grum
  9557 | D:8      | Killed Grum
 10506 | D:9      | Reached * piety under Vehumet
 10506 | D:9      | Offered knowledge of Magic Dart by Vehumet.
 10668 | D:9      | Reached skill level 5 in Stealth
 10804 | D:9      | Found an opulent altar of Gozag.
 11033 | D:9      | Noticed a two-headed ogre
 11040 | D:9      | Killed a two-headed ogre
 11041 | D:9      | Reached XP level 11. HP: 62/62 MP: 13/23
 11334 | D:10     | Entered Level 10 of the Dungeon
 11510 | D:10     | Found an ancient bone altar of Kikubaaqudgha.
 11567 | D:10     | Reached skill level 5 in Fighting
 11738 | D:10     | Found Cerann's Magic Scroll Shoppe.
 11741 | D:10     | Found Qege Cao's Assorted Antiques.
 11742 | D:10     | Found Vezeppecuv's Weapon Emporium.
 11757 | D:10     | Bought a scroll of fear for 48 gold pieces
 11757 | D:10     | Bought a scroll of teleportation for 36 gold pieces
 11757 | D:10     | Bought a scroll of identify for 24 gold pieces
 11757 | D:10     | Bought a scroll of identify for 24 gold pieces
 11760 | D:10     | Found Loewanwa's General Store.
 11772 | D:10     | Bought a scroll of identify for 28 gold pieces
 11792 | D:10     | Noticed a soul eater
 11905 | D:10     | Found a snail-covered altar of Cheibriados.
 12186 | D:10     | Found Dyhics's Weapon Emporium.
 12292 | D:10     | Bought a scroll of identify for 24 gold pieces
 12292 | D:10     | Bought a scroll of identify for 24 gold pieces
 12520 | D:10     | Reached ** piety under Vehumet
 12520 | D:10     | Offered knowledge of Sting by Vehumet.
 12891 | D:11     | Found a staircase to the Lair.
 12903 | D:11     | Noticed a two-headed ogre
 12917 | D:11     | Killed a two-headed ogre
 13411 | Lair:1   | Entered Level 1 of the Lair of Beasts
 14199 | Lair:1   | Reached skill level 10 in Dodging
 14206 | Lair:1   | Offered knowledge of Frozen Ramparts by Vehumet.
 14207 | Lair:1   | Reached skill level 1 in Armour
 14207 | Lair:1   | Reached XP level 12. HP: 66/72 MP: 11/24
 14322 | Lair:1   | Learned a level 3 spell: Frozen Ramparts
 14326 | Lair:1   | Learned a level 3 spell: Mephitic Cloud
 14618 | Lair:1   | Reached *** piety under Vehumet
 14899 | Lair:1   | Identified the +8 flail "Canafiob" {venom, rN+ rCorr}
 14955 | Lair:1   | Reached skill level 5 in Armour
 15347 | Lair:2   | Reached skill level 1 in Ice Magic
 15392 | Lair:2   | Noticed a four-headed hydra
 15405 | Lair:2   | Killed a four-headed hydra
 15450 | Lair:2   | Offered knowledge of Volatile Blastmotes by Vehumet.
 15476 | Lair:2   | Reached skill level 10 in Earth Magic
 15775 | Lair:2   | Reached **** piety under Vehumet
 15835 | Lair:2   | Found a staircase to the Shoals.
 16013 | Lair:2   | Found a staircase to the Snake Pit.
 16396 | Lair:3   | Reached XP level 13. HP: 80/80 MP: 2/26
 16398 | Lair:3   | Reached skill level 11 in Earth Magic
 16403 | Lair:3   | Offered knowledge of Lee's Rapid Deconstruction by Vehumet.
 16417 | Lair:3   | Learned a level 5 spell: Lee's Rapid Deconstruction
 16641 | Lair:3   | Reached skill level 5 in Ice Magic
 16890 | Lair:3   | Reached skill level 12 in Earth Magic
 17606 | Lair:4   | Found an ornate altar of the Wu Jian Council.
 17753 | Lair:4   | Found a hide-covered altar of Uskayaw.
 17774 | Lair:4   | Reached ***** piety under Vehumet
 17834 | Lair:4   | Offered knowledge of Bombard by Vehumet.
 17841 | Lair:4   | Reached skill level 10 in Spellcasting
 17842 | Lair:4   | Reached skill level 13 in Earth Magic
 18588 | Lair:4   | Learned a level 6 spell: Bombard
 18589 | Lair:5   | Entered Level 5 of the Lair of Beasts
 18667 | Lair:5   | Reached skill level 14 in Earth Magic
 18782 | Lair:5   | Gained mutation: Your large and strong wings let you fly.
                  | [Gargoyle growth]
 18782 | Lair:5   | Reached XP level 14. HP: 86/86 MP: 28/28
 19123 | Lair:5   | Reached skill level 15 in Earth Magic
 19905 | Lair:5   | Found a staircase to the Slime Pits.
 20030 | Lair:5   | Identified the +5 great sword of the Crawling Thing {flame,
                  | *Slow rElec Dex+5}
 20383 | Lair:5   | Reached skill level 16 in Earth Magic
 20455 | Lair:5   | Offered knowledge of Starburst by Vehumet.
 20557 | Lair:5   | Noticed a dire elephant
 20617 | Lair:5   | Killed a dire elephant
 20770 | Lair:5   | Found a burning altar of Makhleb.
 20947 | Lair:5   | Found a gateway to Hell.
 21077 | Lair:5   | Learned a level 5 spell: Freezing Cloud
 21450 | D:12     | Noticed Jorgrun
 21460 | D:12     | Killed Jorgrun
 21714 | D:12     | Found a staircase to the Orcish Mines.
 21781 | D:12     | Found a roughly hewn altar of Beogh.
 21899 | D:12     | Reached skill level 17 in Earth Magic
 23078 | Orc:1    | Entered Level 1 of the Orcish Mines
 23332 | Orc:2    | Entered Level 2 of the Orcish Mines
 23332 | Orc:2    | Found Cigiur's Armour Shoppe.
 23566 | Orc:2    | Bought the +4 leather armour of Cheibriados's Approval
                  | {Will++ rCorr Dex+2} for 950 gold pieces
 23629 | Orc:2    | Reached XP level 15. HP: 72/90 MP: 22/31
 23635 | Orc:2    | Offered knowledge of Permafrost Eruption by Vehumet.
 23647 | Orc:2    | Learned a level 6 spell: Permafrost Eruption
 24520 | Orc:1    | Noticed Gastronok
 24525 | Orc:1    | Killed Gastronok
 24526 | Orc:1    | Reached skill level 18 in Earth Magic
 25031 | Orc:2    | Found Ogesar's Weapon Emporium.
 25031 | Orc:2    | Found Gickieni's Assorted Antiques.
 25032 | Orc:2    | Found Numoaclotz's Antique Weapon Shoppe.
 25050 | Orc:2    | Found Huped's Jewellery Emporium.
 25056 | Orc:2    | Bought a scroll labelled ZYWUSA GIFFOURPH for 31 gold
                  | pieces
 25322 | Orc:2    | Found a staircase to the Elven Halls.
 25782 | Elf:1    | Entered Level 1 of the Elven Halls
 25938 | Elf:1    | Found a crumbling gateway.
 25968 | Elf:1    | Noticed a deep elf sorcerer
 25990 | Elf:1    | Noticed Azrael
 25992 | Elf:1    | Killed Azrael
 25999 | Elf:1    | Found Giptuq's Armour Shoppe.
 26292 | Elf:1    | Killed a deep elf sorcerer
 27397 | Elf:1    | Offered knowledge of Yara's Violent Unravelling by Vehumet.
 27800 | Elf:1    | Reached skill level 19 in Earth Magic
 27800 | Elf:1    | Reached XP level 16. HP: 96/96 MP: 33/33
 28612 | D:13     | Found a runed translucent gate.
 28613 | D:13     | Found a runed translucent gate.
 28614 | D:13     | Found a runed translucent gate.
 28614 | D:13     | Noticed Kidghast's ghost (journeyman DjFE)
 28841 | D:13     | Killed Kidghast's ghost
 29475 | D:14     | Found a gate to the Vaults.
 29786 | D:14     | Reached skill level 10 in Ice Magic
 30367 | D:15     | Entered Level 15 of the Dungeon
 30479 | D:15     | Noticed Louise
 30738 | D:15     | Reached ****** piety under Vehumet
 30744 | D:15     | Killed Louise
 31044 | D:15     | Reached skill level 20 in Earth Magic
 31111 | D:15     | Found a staircase to the Depths.
 31201 | D:15     | Found a runed translucent gate.
 31201 | D:15     | Found a runed translucent gate.
 31201 | D:15     | Found a runed translucent gate.
 31228 | D:15     | Noticed Tucluoh's ghost (journeyman DECj)
 31237 | D:15     | Killed Tucluoh's ghost
 31562 | Snake:1  | Entered Level 1 of the Snake Pit
 31745 | Snake:1  | Offered knowledge of Ozocubu's Refrigeration by Vehumet.
 31754 | Snake:1  | Learned a level 7 spell: Ozocubu's Refrigeration
 32490 | Snake:2  | Found a sacrificial altar of Ru.
 33124 | Snake:2  | Noticed a nagaraja
 33127 | Snake:2  | Killed a nagaraja
 33215 | Snake:2  | Reached XP level 17. HP: 100/100 MP: 31/35
 33222 | Snake:2  | Reached skill level 15 in Spellcasting
 33488 | Snake:2  | Found a sparkling altar of Nemelex Xobeh.
 33550 | Snake:2  | Found a snail-covered altar of Cheibriados.
 33554 | Snake:2  | Reached skill level 1 in Shields
 33806 | Snake:2  | Identified the +7 chain mail of Terrible Fun {rElec Str+2
                  | Slay+5}
 34417 | Snake:3  | Reached skill level 21 in Earth Magic
 34687 | Snake:3  | Identified the +5 dagger "Odwesanom" {drain, Int+2}
 34875 | Snake:3  | Offered knowledge of Eringya's Noxious Bog by Vehumet.
 35175 | Snake:3  | Found Fykoali's General Store.
 35373 | Snake:3  | Found Mebakicw's Neck Hole.
 35499 | Snake:4  | Entered Level 4 of the Snake Pit
 36927 | Snake:4  | Identified the +3 falchion of Oozing Pus {speed, *Rage rF+
                  | rC+}
 37677 | Snake:4  | Reached XP level 18. HP: 105/105 MP: 38/38
 37757 | Snake:4  | Reached skill level 22 in Earth Magic
 38021 | Snake:4  | Reached skill level 10 in Conjurations
 38594 | Snake:4  | Offered knowledge of Plasma Beam by Vehumet.
 38696 | Snake:4  | Got a serpentine rune of Zot
 38927 | Shoals:1 | Entered Level 1 of the Shoals
 40410 | Shoals:2 | Reached skill level 10 in Fighting
 41003 | Shoals:2 | Reached skill level 5 in Shields
 41745 | Shoals:3 | Identified the serpent talisman of Knowledge {rF+ Slay+2}
 41745 | Shoals:3 | Noticed Aizul
 41752 | Shoals:3 | Killed Aizul
 41932 | Shoals:3 | Noticed Ilsuiw
 42089 | Shoals:3 | Noticed Polyphemus
 42091 | Shoals:3 | Killed Ilsuiw
 42173 | Shoals:3 | Offered knowledge of Lehudib's Crystal Spear by Vehumet.
 42173 | Shoals:3 | Offered knowledge of Fire Storm by Vehumet.
 42173 | Shoals:3 | Offered knowledge of Chain Lightning by Vehumet.
 42174 | Shoals:3 | Killed Polyphemus
 42175 | Shoals:3 | Reached XP level 19. HP: 57/113 MP: 19/39
 42276 | Shoals:3 | Found Kurgheafu's CLEARANCE SALE!.
 42698 | Shoals:3 | Found Toamm's Weapon Emporium.
 43066 | Shoals:4 | Entered Level 4 of the Shoals
 43264 | Shoals:4 | Noticed Mara
 43269 | Shoals:4 | Killed Mara
 43575 | Shoals:4 | Noticed Nikola
 43587 | Shoals:4 | Killed Nikola
 44062 | Shoals:4 | Reached skill level 1 in Fire Magic
 44732 | Shoals:4 | Got a barnacled rune of Zot
 45416 | Depths:1 | Entered Level 1 of the Depths
 45916 | D:15     | Reached skill level 5 in Fire Magic
 46357 | Depths:1 | Slain by a caustic shrike zombie

Illustrated notes

Levels and vault maps discovered:
D:1:      roderic_chinese_lattice_arrival, layout_basic,
          ebering_ecumenical_altar_box, corexii_hall_statues_i
D:2:      layout_loops_ring, palyth_stone_intersect
D:3:      minmay_goblin_kobold_castle, layout_loops_cross, uniq_ijyb,
          uniq_terence
D:4:      layout_rooms, lemuel_round_altar, nicolae_overflow_two_pavilions,
          portal_sewer_entry_e
D:5:      layout_basic, amcnicky_altar_gilded, regret_index_xom_of_box,
          mainiacjoe_overflow_concentric_impassable, serial_curves,
          eino_curves_01, eino_curves_04
D:6:      layout_rooms, fedhas_altar_1, minmay_temple_entry_overgrown,
          enter_ossuary_5
D:7:      layout_rooms, mainiacjoe_overflow_tiny_flanked, vehumet_statue,
          minmay_alternating_orb
D:8:      layout_gridville, mainiacjoe_overflow_boulevard,
          mainiacjoe_overflow_chevrons, uniq_grum
D:9:      layout_cave_pods, kennysheep_little_box
D:10:     layout_big_octagon, nicolae_overflow_crystal_walls, marbit_many_paths,
          serial_shops, shop, shop, shop, shop, shop
D:11:     layout_cave_pools, erik_lair_island
D:12:     layout_long_grid, minmay_orc_entry_temple_small, uniq_jorgrun
D:13:     layout_irregular_city, gammafunk_ghost_split
D:14:     layout_basic, david_vaults_2, grunt_decor_fettered,
          einodemon_crawler_minivault
D:15:     grunt_enter_depths_hoard, layout_cave_pools,
          ebering_ghost_rock_garden, uniq_louise
Temple:   corrupted_temple
Lair:1:   layout_small_grid
Lair:2:   layout_gridlike, nicolae_shoals_entry_roost, dummy_snake_entry,
          special_room [special_room_bee], nicolae_lair_grove_arrangements,
          lemuel_another_geyser
Lair:3:   layout_roguey, hibernation_bobbens
Lair:4:   layout_long_grid, nzn_masters_of_martial_movement
Lair:5:   evil_forest, layout_small_grid, slime_entry_1,
          grunt_forest_large_clearings
Shoals:1: layout_shoals
Shoals:2: layout_shoals, nicolae_shoals_stone_sculpture_thing
Shoals:3: layout_shoals, serial_shops, nicolae_shop_tiny_statue_garden,
          nicolae_shop_clearance, uniq_ilsuiw, uniq_aizul, uniq_polyphemus
Shoals:4: shoals_end_grunt_ice, layout_shoals, shoals_ilsuiw_alternative,
          uniq_mara, uniq_nikola
Snake:1:  layout_honeycomb
Snake:2:  layout_onion, basic_altar, st_stairs_7, hangedman_feature_mirror,
          nrook_guardian_serpent_double
Snake:3:  layout_misc_corridors, serial_shops, nicolae_shop_window_shopping,
          nicolae_shop_sticking_my_neck_out
Snake:4:  snake_pit_salamanders_mu, layout_cave_town
Orc:1:    layout_caves, uniq_gastronok
Orc:2:    st_orc_mages, layout_caves, serial_shops, shop, enter_volcano_2
Elf:1:    minmay_the_grid_triangle_9x9_rhombus_full_mashed
          [minmay_the_grid_triangle_9x9_flanged_cone,
          minmay_the_grid_triangle_9x9_odd_lines,
          minmay_the_grid_triangle_9x9_sparse_checkered,
          minmay_the_grid_triangle_9x9_descending_squares,
          minmay_the_grid_triangle_9x9_zippers_horizontal,
          minmay_the_grid_triangle_9x9_empty,
          minmay_the_grid_triangle_9x9_thin_v,
          minmay_the_grid_triangle_9x9_prize_schism], layout_loops_corners,
          portal_desolation_entry_ruin, serial_shops, nicolae_shop_tiny_glass,
          kennysheep_underground_church, small_statue_intersection, uniq_azrael
Depths:1: layout_cave_pools, minmay_misc_feat_ornament, pan_entry,
          grunt_mini_vestibule, nicolae_zig_zag_zippers

Skill      XL: |  1  2  3  4  5  6  7  8  9 10 11 12 13 14 15 16 17 18 19 |
---------------+----------------------------------------------------------+-----
Earth Magic    | 4 5 6 7 8 9 10 14 17 19 20 21 22 | 22.0
Conjurations   | 2 3 4 5 6 8 12 14 | 14.8
Spellcasting   | 3 4 5 6 7 8 9 10 12 13 14 16 | 16.2
Dodging        | 3 7 10 11 12 | 12.0
Alchemy        | 2 4 |  4.0
Fighting       | 4 7 9 10 12 | 12.0
Stealth        | 5 8 |  8.0
Armour         | 1 5 |  5.0
Ice Magic      | 4 6 8 10 12 | 12.0
Shields        | 1 6 9 |  9.0
Fire Magic     | 5 |  5.5

Action                     |  1- 3 |  4- 6 |  7- 9 | 10-12 | 13-15 | 16-18 | 19-21 || total
---------------------------+-------+-------+-------+-------+-------+-------+-------++-------
  Melee: Dagger            |       |    15 |    16 |    24 |     6 |       |       ||    61
         Flail             |       |       |       |     6 |    51 |    17 |       ||    74
   Cast: Sandblast         |    47 |   120 |   226 |   308 |   427 |     1 |       ||  1129
         Stone Arrow       |       |     4 |    16 |   142 |   162 |     7 |       ||   331
         Frozen Ramparts   |       |       |       |       |    44 |       |       ||    44
         Petrify           |       |       |       |       |     3 |       |       ||     3
         Bombard           |       |       |       |       |    19 |    10 |     9 ||    38
         Lee's Rapid Decon |       |       |       |       |    12 |       |       ||    12
         Freezing Cloud    |       |       |       |       |     5 |       |       ||     5
         Permafrost Erupti |       |       |       |       |    96 |   380 |   124 ||   600
         Ozocubu's Refrige |       |       |       |       |       |    88 |    51 ||   139
         Mephitic Cloud    |       |       |       |       |       |     1 |       ||     1
  Evoke: Wand              |       |       |       |     6 |     3 |       |       ||     9
    Use: Scroll            |       |     4 |     3 |    19 |    11 |     4 |     1 ||    42
         Potion            |       |     1 |       |       |     2 |     1 |     2 ||     6
   Stab: Sleeping          |       |       |       |     1 |       |       |       ||     1
         Petrified         |       |       |       |       |     5 |       |       ||     5
 Armour: Robe              |     7 |    96 |   170 |    87 |    58 |       |       ||   418
         Troll leather arm |       |       |       |   247 |   283 |       |       ||   530
         Leather armour    |       |       |       |       |   195 |   139 |   233 ||   567
  Dodge: Dodged            |    16 |    70 |   106 |   382 |   460 |    82 |   139 ||  1255

Table legend: (Time is in decaauts)
 A = Elapsed time spent in this place.
 B = Non-inter-level travel time spent in this place.
 C = Inter-level travel time spent in this place.
 D = Time resting spent in this place.
 E = Time spent auto-exploring this place.
 F = Levels seen in this place.
 G = Mean time per level.
                   A        B        C        D        E       F      G
               +--------+--------+--------+--------+--------+-----+--------+
         Total |  47891 |  45750 |   2141 |  12731 |  26304 |  35 | 1368.3 |
       Dungeon |  19885 |  18756 |   1129 |   3813 |  12199 |  15 | 1325.7 |
        Temple |     18 |     18 |      0 |      0 |      0 |   1 |   18.0 |
          Lair |   7555 |   7239 |    316 |   1160 |   4532 |   5 | 1511.0 |
        Shoals |   6500 |   6244 |    256 |   1920 |   3730 |   4 | 1625.0 |
     Snake Pit |   7579 |   7313 |    266 |   4078 |   2650 |   4 | 1894.8 |
  Orcish Mines |   2917 |   2766 |    151 |    502 |   1677 |   2 | 1458.5 |
   Elven Halls |   2510 |   2490 |     20 |   1089 |   1057 |   1 | 2510.0 |
        Depths |     85 |     85 |      0 |     20 |      0 |   1 |   85.0 |
         Sewer |    207 |    207 |      0 |      0 |    149 |   1 |  207.0 |
       Ossuary |    630 |    630 |      0 |    149 |    308 |   1 |  630.0 |
               +--------+--------+--------+--------+--------+-----+--------+

Top non-repeatable levels by time:
 Snake:4: 3230 daAuts
  Lair:5: 2571 daAuts
   Elf:1: 2510 daAuts
     D:3: 2433 daAuts
Shoals:4: 1822 daAuts
    D:12: 1819 daAuts
    D:15: 1765 daAuts
    D:11: 1758 daAuts
Shoals:2: 1728 daAuts
   Orc:2: 1587 daAuts
 Snake:1: 1581 daAuts
Shoals:3: 1505 daAuts
Shoals:1: 1444 daAuts
 Snake:2: 1429 daAuts
    D:13: 1350 daAuts
